 Dungeon Crawl Stone Soup version 0.28.0 (webtiles) character file.

Game seed: 3465669405731281407

98 Giibl3ts the Ruffian (level 4, 0/37 HPs)
             Began as a Ghoul Warper on Apr 27, 2022.
             Slain by an orc wizard (1 damage)
             ... on level 3 of the Dungeon.
             The game lasted 00:15:31 (4572 turns).

Giibl3ts the Ruffian (Ghoul Warper)                 Turns: 4572, Time: 00:15:32

Health: 0/37       AC:  3    Str: 16    XL:     4   Next: 69%
Magic:  5/5        EV: 11    Int:  8    God:
Gold:   112        SH:  0    Dex:  8    Spells: 6/6 levels left

rFire   . . .      SeeInvis .     - Unarmed
rCold   + . .      Faith    .   (no shield)
rNeg    + + +      Spirit   .   a - +0 leather armour
rPois   ∞          Reflect  .   (no helmet)
rElec   .          Harm     .   (no cloak)
rCorr   .          Rampage  .   (no gloves)
Will    .....                   (no boots)
Stlth   +.........              (no amulet)
HPRegen 0.00/turn               (no ring)
MPRegen 0.09/turn               (no ring)

@: inhibited regen
A: claws 1, cold resistance 1, negative energy resistance 3, inhibited
regeneration, torment resistance 2
a: no special abilities


You were on level 3 of the Dungeon.
You visited 1 branch of the dungeon, and saw 3 of its levels.

You collected 112 gold pieces.

Inventory:

Hand Weapons
 d - a +0 dagger
 e - a +0 club
 f - a +0 club
Missiles
 c - 5 boomerangs of dispersal (quivered)
 h - 2 throwing nets
 n - a silver boomerang
Armour
 a - a +0 leather armour (worn)
 q - a +0 ring mail
Scrolls
 g - a scroll of acquirement {unknown}
 j - a scroll of noise {unknown}
 m - 2 scrolls of teleportation {unknown}
 p - a scroll of fear {unknown}
 r - a scroll of brand weapon {unknown}
Potions
 b - a potion of heal wounds {unknown}
 i - a potion of mutation {unknown}
 k - a potion of might {unknown}
 l - 2 potions of degeneration {unknown}
 o - a potion of ambrosia {unknown}


   Skills:
 + Level 2.4 Fighting
 + Level 0.8 Throwing
 + Level 2.0 Armour
 + Level 2.1 Dodging
 + Level 0.4 Stealth
 + Level 3.4 Unarmed Combat
 + Level 1.9 Spellcasting
 + Level 3.1 Translocations


You had 6 spell levels left.
You didn't know any spells.
Your spell library contained the following spells:

 Spells                   Type           Power      Damage    Failure   Level
 Blink                    Tloc           10%        N/A       19%         2
 Gell's Gravitas          Tloc           5%         N/A       36%         3
 Lesser Beckoning         Tloc           5%         N/A       36%         3
 Teleport Other           Tloc           5%         N/A       36%         3
 Manifold Assault         Tloc           5%         N/A       98%         5


Dungeon Overview and Level Annotations

Branches:
Dungeon (3/15)

Altars:
The Shining One


Innate Abilities, Weirdness & Mutations

You thrive by killing the living.
You are immune to poison.
You have sharp fingernails.
Your flesh is cold resistant. (rC+)
You are immune to negative energy. (rN+++)
You do not regenerate when monsters are visible.
You are immune to unholy pain and torment.


Message History

The orc wizard gestures wildly while chanting.
The orc wizard flickers and vanishes!
Deactivating autopickup; reactivate with Ctrl-A.
You barely miss something.
You hear some strange, mumbled words.
A magic dart appears from out of thin air!
The magic dart hits you!
You closely miss something. Something hits you.
You scratch something.
The orc wizard mumbles some strange words.
The orc wizard flickers and vanishes!
You miss something. Something hits you.
You barely miss something. You barely miss something. Something hits you. x2
You barely miss something. Something hits you.
You hear some strange, mumbled words.
A magic dart appears from out of thin air!
The magic dart hits you!
* * * LOW HITPOINT WARNING * * *
You closely miss something.
You hear some strange, mumbled words.
A puff of flame appears from out of thin air!
The puff of flame misses you.
You hear some strange, mumbled words.
Something tries to affect you, but you resist.
You scratch something. Something barely misses you.
Something hits you but does no damage.
You scratch something but do no damage. Something hits you.
* * * LOW HITPOINT WARNING * * *
Something hits you but does no damage.
You closely miss something. Something hits you but does no damage.
You closely miss something. Something hits you.
* * * LOW HITPOINT WARNING * * *
You scratch something but do no damage. Something hits you but does no damage.
Something hits you.
* * * LOW HITPOINT WARNING * * *
You miss something. Something hits you.
* * * LOW HITPOINT WARNING * * *
Something hits you.
You die...

####### #######
#.....# #.....#
###(#####.#
#.####...).#
....{.)o#.#
#..........#
#{#.###†####.....#
#@{.....# #.....#
####..### ###.###
#..# #..# ####
##.# ....# #.#
.....# #.# .....#
###.## ....#
#..... #..##
#.#.#.


You could see an orc.

Vanquished Creatures
  An orc priest (D:2)
  An adder skeleton (D:3)
  A dart slug (D:2)
  5 orcs
  3 ball pythons
  5 endoplasms
  3 giant cockroaches
  3 goblins (D:1)
  6 hobgoblins
  6 jackals
  A quokka (D:1)
  4 bats
  3 frilled lizards (D:1)
  7 kobolds
  5 rats
54 creatures vanquished.

Notes
Turn   | Place    | Note
-------+----------+-------------------------------------------
     0 | D:1      | Giibl3ts the Ghoul Warper began the quest for the Orb.
     0 | D:1      | Reached XP level 1. HP: 17/17 MP: 2/2
   725 | D:1      | Reached XP level 2. HP: 16/24 MP: 3/3
  1014 | D:1      | Reached skill level 1 in Armour
  1899 | D:1      | Reached XP level 3. HP: 21/29 MP: 4/4
  3574 | D:2      | Reached XP level 4. HP: 16/37 MP: 5/5
  4572 | D:3      | HP: 1/37 [something (2)]
  4572 | D:3      | Slain by an orc wizard

Illustrated notes

Levels and vault maps discovered:
D:1:      scummos_arrival_hexagon, layout_basic, minmay_unequal
D:2:      layout_basic, basic_altar
D:3:      layout_loops_corners, hellmonk_ecumenical_altar_pennies_from_heaven,
          nicolae_figureground_pulse, uniq_crazy_yiuf_cottage

Skill      XL: |  1  2  3  4 |
---------------+-------------+-----
Translocations | 3 |  3.1
Armour         | 1 2 |  2.0
Unarmed Combat | 3 |  3.4
Dodging        | 2 |  2.1
Fighting       | |  2.4
Throwing       | |  0.8
Stealth        | |  0.4
Spellcasting   | |  1.9

Action                   |  1- 3 |  4- 6 || total
-------------------------+-------+-------++-------
Melee: Unarmed           |   142 |    47 ||   189
       Punch             |     3 |       ||     3
  Use: Scroll            |     1 |       ||     1
Armor: Leather armour    |    37 |    13 ||    50
Dodge: Dodged            |    65 |    14 ||    79
